 Dungeon Crawl Stone Soup version 0.24-a0-182-gc7eaa07895 (webtiles) character file.

Game seed: 6990921164119683657

720 MrRokkomies the Sneak (level 7, -8/45 HPs)
             Began as an Octopode Assassin on Mar 15, 2019.
             Was a Follower of Dithmenos.
             Mangled by a large abomination (21 damage)
             ... on level 2 of the Abyss.
             The game lasted 00:20:51 (4569 turns).

MrRokkomies the Sneak (Octopode Assassin)           Turns: 4569, Time: 00:20:51

Health: -8/45      AC:  1    Str: 11    XL:     7   Next: 70%
Magic:  7/7        EV: 16    Int: 13    God:    Dithmenos [*.....]
Gold:   286        SH:  0    Dex: 15    Spells: 6/6 levels left

rFire    . . .     SeeInvis .   b - +0 blowgun
rCold    . . .     Gourm    .   (no shield)
rNeg     + . .     Faith    .   (helmet restricted)
rPois    .         Spirit   .   u - amulet of regeneration
rElec    .         Reflect  .   v - ring of positive energy
rCorr    .         Harm     .   (no ring)
MR       .....                  (no ring)
Stlth    +++++.....             (no ring)
HPRegen  0.55/turn              (no ring)
MPRegen  0.10/turn              (no ring)
                                (no ring)
                                (no ring)

@: flying, wreathed by umbra
A: almost no armour, stealthy swim, amphibious, 8 rings, constrict 8, camouflage
1, gelatinous body 1
a: Renounce Religion


You were on level 2 of the Abyss.
You worshipped Dithmenos.
Dithmenos was aware of your devotion.
You were not hungry.

You visited 2 branches of the dungeon, and saw 7 of its levels.
You visited the Abyss 1 time.

You collected 286 gold pieces.

Inventory:

Hand Weapons
 a - a +2 short sword of draining
 b - a +0 blowgun (weapon)
Missiles
 c - 16 poisoned needles (quivered)
 d - a curare-tipped needle
 e - 110 stones
 j - a throwing net
 t - 3 tomahawks
Jewellery
 g - an uncursed amulet of rage
 u - an amulet of regeneration (around mantle)
 v - a ring of positive energy (left tentacle)
Scrolls
 o - a scroll of holy word {unknown}
Potions
 h - a potion of flight
 k - a potion of berserk rage {unknown}
 l - 4 potions of haste
 m - 2 potions of heal wounds
 n - 2 potions of curing {unknown}
 p - a potion of mutation {unknown}
 q - 2 potions of ambrosia
 r - a potion of might {unknown}
 s - a potion of agility {unknown}
Comestibles
 f - 9 rations


   Skills:
 * Level 2.4 Fighting
 - Level 2.0 Short Blades
 * Level 5.4 Throwing
 - Level 5.0 Dodging
 + Level 7.4 Stealth


You had 6 spell levels left.
You didn't know any spells.
Your spell library was empty.

Dungeon Overview and Level Annotations

Branches:
Dungeon (8/15)             Temple (1/1) D:4
   Lair: D:8-11

Altars:
Ashenzari
Dithmenos
Fedhas
Gozag
Hepliaklqana
Kikubaaqudgha
Nemelex Xobeh
Okawaru
Qazlal
Ru
Trog
Uskayaw
Wu Jian
Yredelemnul
The Shining One

Shops:
D:5 *

Annotations:
D:8 Psyche


Innate Abilities, Weirdness & Mutations

You cannot wear most types of armour.
You are very stealthy in the water. (Stealth+)
You are amphibious.
You can wear up to eight rings at the same time.
You can use your tentacles to constrict eight enemies at once.
Your skin changes colour to match your surroundings (Stealth+).
Your rubbery body absorbs attacks. (AC +1, EV +1)


Message History

Press: ? - help, Shift-Dir - straight line, f - large abomination
Aim: a large abomination (lightly damaged, umbra)
You shoot a poisoned needle.
The poisoned needle hits the large abomination!
The large abomination is lightly damaged.
Firing (i - inventory. (/) - cycle)
c - 18 poisoned needles (quivered)
Press: ? - help, Shift-Dir - straight line, f/p - large abomination
Aim: a large abomination (lightly damaged, umbra)
You shoot a poisoned needle.
The poisoned needle barely misses the large abomination.
The large abomination hits you!
* * * LOW HITPOINT WARNING * * *
Firing (i - inventory. (/) - cycle)
c - 17 poisoned needles (quivered)
Press: ? - help, Shift-Dir - straight line, f/p - large abomination
Aim: a large abomination (lightly damaged, umbra)
You shoot a poisoned needle.
The poisoned needle hits the large abomination.
The large abomination is lightly damaged.
The large abomination hits you!!
You die...

..##. .. #. .
##.#. #.#..#
###.#.. .#
##. . # ..##
##. . .. #.#
#...#..#.#.#
#.# #. #.....
# . ##X#
#..#.##.#...#
#@## ...#..
##. ### # #
.. . #
####... . ###
... # # X #


You could see a large abomination.

Vanquished Creatures
  An ogre (D:2)
  2 scorpions
  A jelly (D:5)
  4 orc priests
  Jessica (D:3)
  Natasha (thrice) (D:2)
  2 worker ants
  11 gnolls
  3 adders
  3 adder skeletons (D:4)
  3 worms
  A dart slug (D:2)
  4 leopard geckos
  6 orcs
  13 bats
  5 giant cockroaches
  8 goblins
  6 hobgoblins
  2 jackals (D:2)
  4 quokkas
  7 ball pythons
  2 frilled lizards
  A jackal zombie (D:8)
  3 kobolds
  10 rats
106 creatures vanquished.

Notes
Turn   | Place    | Note
-------+----------+-------------------------------------------
     0 | D:1      | MrRokkomies the Octopode Assassin began the quest for the
                  | Orb.
     0 | D:1      | Reached XP level 1. HP: 14/14 MP: 1/1
    68 | D:1      | Reached XP level 2. HP: 17/19 MP: 2/2
   649 | D:2      | Reached XP level 3. HP: 24/24 MP: 3/3
   692 | D:2      | Noticed an ogre
   714 | D:2      | Killed an ogre
   714 | D:2      | Reached skill level 6 in Stealth
   714 | D:2      | Reached XP level 4. HP: 29/29 MP: 4/4
   831 | D:2      | Reached XP level 5. HP: 26/34 MP: 5/5
  1132 | D:2      | You fall through a shaft!
  1311 | D:2      | Noticed Natasha
  1321 | D:2      | Killed Natasha
  1334 | D:2      | Noticed Natasha
  1339 | D:2      | Killed Natasha
  1506 | D:2      | Noticed Natasha
  1512 | D:2      | Killed Natasha
  1512 | D:2      | Reached XP level 6. HP: 27/39 MP: 6/6
  1945 | D:3      | Noticed Jessica
  1957 | D:3      | Killed Jessica
  2063 | D:3      | Found a glowing golden altar of the Shining One.
  2365 | D:3      | Found an ancient bone altar of Kikubaaqudgha.
  2365 | D:3      | Found a blossoming altar of Fedhas.
  2366 | D:3      | Found a bloodstained altar of Trog.
  3041 | D:4      | Reached XP level 7. HP: 26/45 MP: 7/7
  3046 | D:4      | Reached skill level 7 in Stealth
  3267 | D:4      | Found a staircase to the Ecumenical Temple.
  3278 | Temple   | Entered the Ecumenical Temple
  3351 | Temple   | Became a worshipper of Dithmenos the Shadowed
  3374 | D:4      | Reached skill level 5 in Throwing
  4019 | D:5      | Entered Level 5 of the Dungeon
  4039 | D:5      | Reached * piety under Dithmenos
  4045 | D:5      | Reached skill level 5 in Dodging
  4086 | D:5      | Found Ruky's General Store.
  4171 | D:5      | You fall through a shaft for 3 floors!
  4263 | D:8      | Noticed Psyche
  4282 | D:8      | Cast into level 2 of the Abyss (Psyche)
  4402 | Abyss:2  | Noticed a small abomination
  4418 | Abyss:2  | Noticed an apocalypse crab
  4434 | Abyss:2  | Noticed a tentacled starspawn
  4435 | Abyss:2  | Noticed an apocalypse crab
  4441 | Abyss:2  | Noticed an ancient lich
  4444 | Abyss:2  | Noticed a chaos spawn
  4451 | Abyss:2  | Noticed an ancient zyme
  4451 | Abyss:2  | Noticed a tentacled starspawn
  4457 | Abyss:2  | Noticed a tentacled starspawn
  4486 | Abyss:2  | Noticed an ancient zyme
  4488 | Abyss:2  | Noticed a glowing orange brain
  4504 | Abyss:2  | Noticed a tentacled starspawn
  4526 | Abyss:2  | Noticed a large abomination
  4555 | Abyss:2  | Noticed a large abomination
  4569 | Abyss:2  | Mangled by a large abomination

Levels and vault maps discovered:
D:1:      erik_arrival_cave_to_civilisation [erik_arrival_cave_to_hall],
          layout_rooms, kennysheep_nondescript, palyth_stone_intersect,
          hangedman_feature_mirror, chequers_serial_rivers_large_a,
          minmay_shallow_snake_nest
D:2:      layout_basic, uniq_natasha
D:3:      layout_basic, gammafunk_temple_overflow_claw, first_ration,
          tso_metal_star, uniq_jessica
D:4:      layout_basic, minmay_temple_entry_gardened_gates, portal_sewer_entry_e
D:5:      layout_rooms, chequers_temple_overflow_minitemple, serial_shops,
          nicolae_shop_behind_doors
D:8:      layout_loops_corners, grunt_temple_overflow_lords_of_destruction,
          serial_bayou, serial_bayou_pond_d, serial_bayou_pond_a,
          serial_bayou_shore_b, serial_bayou_pond_b, nicolae_ossuary_entry_giza,
          uniq_maurice, uniq_psyche
Temple:   nicolae_temple_hex_pool
Abyss:2

Skill      XL: |  1  2  3  4  5  6  7 |
---------------+----------------------+-----
Dodging        | 2 3 4 5 |  5.0
Throwing       | 3 4 5 |  5.4
Stealth        | 6 7 |  7.4
Fighting       | |  2.4
Short Blades   | |  2.0

Action                   |  1- 3 |  4- 6 |  7- 9 || total
-------------------------+-------+-------+-------++-------
Melee: Dagger            |    37 |    96 |     8 ||   141
       Constrict         |     7 |    23 |    16 ||    46
       Tentacles         |     1 |    21 |    11 ||    33
       Short sword       |       |       |    61 ||    61
 Fire: Blowgun           |     4 |    16 |    17 ||    37
Throw: Throwing net      |       |     1 |       ||     1
       Tomahawk          |       |       |     3 ||     3
  Use: Scroll            |     2 |     3 |     2 ||     7
       Potion            |       |     2 |     2 ||     4
 Stab: Sleeping          |    14 |    16 |    14 ||    44
  Eat: Chunk             |       |     6 |     4 ||    10
       Ration            |       |       |     1 ||     1
Armor: Skin              |     4 |    12 |     3 ||    19
Dodge: Dodged            |    22 |    72 |    39 ||   133

Table legend:
 A = Non-vault XP
 B = Vault XP
 C = Vault XP percentage of total XP
 D = Non-vault monster count
 E = Vault monster count
 F = Vault count percentage of total count
                 A         B        C        D         E       F
            +---------+---------+-------+---------+---------+-------
      Total |     941 |      88 |   8.6 |      94 |      12 |  11.3
            +---------+---------+-------+---------+---------+-------
        D:1 |      29 |       3 |   9.4 |      18 |       2 |  10.0
        D:2 |     342 |      35 |   9.3 |      28 |       1 |   3.4
        D:3 |     145 |      37 |  20.3 |      18 |       1 |   5.3
        D:4 |     281 |      13 |   4.4 |      20 |       8 |  28.6
        D:5 |     143 |       0 |   0.0 |       9 |       0 |   0.0
        D:8 |       1 |       0 |   0.0 |       1 |       0 |   0.0
            +---------+---------+-------+---------+---------+-------
